 Dungeon Crawl Stone Soup version 0.17-a0-1711-gc5340a3 (webtiles) character file.

42 razloz the Vexing (level 3, -5/26 HPs)
             Began as a Vampire Enchanter on Aug 22, 2015.
             Was an Initiate of Sif Muna.
             Slain by an orc warrior
             ... wielding a +0 war axe
              (19 damage)
             ... on level 6 of the Dungeon.
             The game lasted 00:02:26 (985 turns).

razloz the Vexing (Vampire Enchanter)                Turns: 985, Time: 00:02:26

Health: -5/26      AC:  3    Str:  7    XL:     3   Next: 35%
Magic:  6/6        EV: 12    Int: 18    God:    Sif Muna [......]
Gold:   36         SH:  0    Dex: 14    Spells: 1 memorised, 5 levels left

rFire  . . .     SeeInvis +     a - +1 dagger
rCold  . . .     Clarity  .     b - +1 robe
rNeg   + . .     SustAt   .     (no shield)
rPois  .         Gourm    .     (no helmet)
rElec  .         Spirit   .     (no cloak)
rCorr  .         Warding  .     (no gloves)
rMut   .         Stasis   .     (no boots)
MR     .....                    (no amulet)
Stlth  +++.......               (no ring)
                                (no ring)

@: not resistant to hostile enchantments, fairly stealthy
A: fangs 3, see invisible, unbreathing
a: Bat Form, Renounce Religion


You were on level 6 of the Dungeon.
You worshipped Sif Muna.
Sif Muna was noncommittal.
You were not thirsty.

You visited 2 branches of the dungeon, and saw 7 of its levels.

You collected 36 gold pieces.

Inventory:

Hand weapons
 a - a +1 dagger (weapon)
 f - a cursed -2 dagger
Armour
 b - a +1 robe (worn)
Potions
 d - 5 potions of blood
 e - 3 potions of might {unknown}
 g - a potion of ambrosia {unknown}
Books
 c - a book of Maledictions

   Spells                             Type                      Level
   a - Corona                         Hexes                        1
   b - Ensorcelled Hibernation        Hexes/Ice                    2
   c - Confuse                        Hexes                        3
   d - Tukima's Dance                 Hexes                        3
   e - Dazzling Spray                 Conjuration/Hexes            3
 h - a book of the Earth

   Spells                             Type                      Level
   a - Leda's Liquefaction            Hexes/Earth                  4
   b - Bolt of Magma                  Conjuration/Fire/Earth       5
   c - Statue Form                    Transmutation/Earth          6
   d - Iron Shot                      Conjuration/Earth            6
   e - Shatter                        Earth                        9


   Skills:
 + Level 1.4 Fighting
 - Level 1.1 Short Blades
 - Level 2.1 Dodging
 + Level 4.9 Stealth
 + Level 2.3 Spellcasting
 + Level 5.0 Hexes


You had 5 spell levels left.
You knew the following spells:

 Your Spells              Type           Power        Failure   Level  Hunger
a - Corona                Hex            ###....      1%          1    #......


Dungeon Overview and Level Annotations

Branches:
Dungeon (6/15)             Temple (1/1) D:6

Altars:
Dithmenos
Elyvilon
Okawaru
Qazlal
Ru
Sif Muna
Zin


Innate Abilities, Weirdness & Mutations

You have razor-sharp teeth.
You have supernaturally acute eyesight.
You can survive without breathing.


Message History

You hit the adder.
The adder is almost dead.
The adder barely misses you. The orc warrior barely misses you.
The adder completely misses you.
You hit the adder.
You kill the adder!
Your Hexes skill increases to level 5!
The orc warrior hits you with a war axe!
You see here an adder corpse.
You bottle the corpse's blood.
Things that are here:
a potion of blood; an adder skeleton The orc warrior barely misses you.
Found a paperback book.
Found a stone staircase leading down.
There is a stone staircase leading down here.
You see here a paperback book.
h - a book of the Earth The orc warrior hits you with a war axe!!
Ouch! That really hurt!
You die...

#####
##############...###
+......@o.oo.#.#...#####
############.#.###<....#
#######.#o........#
#..oo...#oo...#####
#>#######.##.....
#...#####.#.....#
###..o..o.#......
##########.##..# .. ...


You could see an orc warrior and 2 orcs.

Vanquished Creatures
  A hound (D:4)
  An adder (D:6)
  2 goblins (D:2)
  A hobgoblin (D:1)
  A ball python (D:1)
  A giant cockroach (D:2)
  2 giant newts (D:1)
  A rat (D:1)
10 creatures vanquished.

Vanquished Creatures (others)
  4 toadstools (D:1)
4 creatures vanquished.

Grand Total: 14 creatures vanquished

Notes
Turn   | Place    | Note
--------------------------------------------------------------
     0 | D:1      | razloz the Vampire Enchanter began the quest for the Orb.
     0 | D:1      | Reached XP level 1. HP: 13/13 MP: 3/3
   447 | D:4      | Noticed a hound
   450 | D:4      | Killed a hound
   450 | D:4      | Reached skill level 1 in Fighting
   450 | D:4      | Reached XP level 2. HP: 18/21 MP: 5/5
   450 | D:4      | Reached XP level 3. HP: 22/26 MP: 6/6
   523 | D:5      | Entered Level 5 of the Dungeon
   588 | D:6      | Noticed an orc warrior
   603 | D:6      | Found a staircase to the Ecumenical Temple.
   610 | Temple   | Entered the Ecumenical Temple
   618 | Temple   | Became a worshipper of Sif Muna the Loreminder
   973 | D:6      | Reached skill level 5 in Hexes
   985 | D:6      | Slain by an orc warrior

Vault maps used:
D:1:      ldierk_walled_garden_2, minmay_misc_feat_nine_boxes
D:2:      old_standard_altar, serial_co_window_serial, co_window_paths_b,
          co_window_corner_a, co_window_paths_a, co_window_corner_a,
          co_window_corner_a, co_window_corner_cb, co_window_of_opportunity_c,
          co_window_of_opportunity_b, co_window_cross_2, co_window_broadway_a,
          glass_columns_a, glass_columns_b, glass_columns_c, glass_columns_b
D:3:      first_bread
D:4:      vehumet_altar_wand_db
D:5:      lemuel_ratsnest, lemuel_crystal_altar, grunt_tough_drop
D:6:      corexii_shantytown, uniq_sigmund, uniq_menkaure
Temple:   circular_temple_13

Action                   || total
-------------------------++-------
Melee: Dagger            ||    29
 Stab: Sleeping          ||     2
